 Dungeon Crawl Stone Soup version 0.28.0 (webtiles) character file.

Game seed: 13491886259301602626

351 Ayyar the Shield-Bearer (level 6, -1/56 HPs)
             Began as a Minotaur Fighter on Apr 13, 2022.
             Succumbed to a scorpion's poison
             ... on level 5 of the Dungeon.
             The game lasted 00:07:48 (3523 turns).

Ayyar the Shield-Bearer (Minotaur Fighter)          Turns: 3523, Time: 00:07:49

Health: -1/56      AC:  8    Str: 23    XL:     6   Next: 34%
Magic:  5/5        EV:  9    Int:  5    God:
Gold:   209        SH:  4    Dex:  9    Spells: 5/5 levels left

rFire   . . .      SeeInvis .   a - +0 long sword
rCold   . . .      Faith    .   c - +0 buckler
rNeg    . . .      Spirit   .   b - +0 scale mail
rPois   .          Reflect  .   (helmet restricted)
rElec   .          Harm     .   j - +0 cloak
rCorr   .          Rampage  .   (no gloves)
Will    .....                   (no boots)
Stlth   ..........              (no amulet)
HPRegen 0.18/turn               (no ring)
MPRegen 0.09/turn               (no ring)

@: lethally poisoned (-1 -> -12)
A: horns 2, retaliatory headbutt
a: no special abilities


You were on level 5 of the Dungeon.
You visited 1 branch of the dungeon, and saw 5 of its levels.

You collected 209 gold pieces.

Inventory:

Hand Weapons
 a - a +0 long sword (weapon)
Missiles
 t - 3 poisoned darts (quivered)
 u - 6 curare-tipped darts
Armour
 b - a +0 scale mail (worn)
 c - a +0 buckler (worn)
 j - a +0 cloak (worn)
Scrolls
 g - 3 scrolls of teleportation {unknown}
 h - a scroll of noise {unknown}
 i - a scroll of fear {unknown}
 k - 2 scrolls of magic mapping {unknown}
 n - a scroll of brand weapon {unknown}
 p - 2 scrolls of identify {unknown}
 q - 2 scrolls of blinking {unknown}
 s - 3 scrolls of enchant weapon {unknown}
Potions
 d - a potion of might
 e - a potion of lignification {unknown}
 f - a potion of cancellation {unknown}
 l - a potion of attraction {unknown}
 m - a potion of heal wounds {unknown}
 o - 3 potions of curing {unknown}
 r - a potion of magic {unknown}


   Skills:
 + Level 5.3 Fighting
 + Level 4.5 Long Blades
 + Level 5.2 Armour
 + Level 5.3 Shields


You had 5 spell levels left.
You didn't know any spells.
Your spell library was empty.

Dungeon Overview and Level Annotations

Branches:
Dungeon (5/15)
 Temple: D:4-7

Altars:
Beogh

Shops:
D:2 [


Innate Abilities, Weirdness & Mutations

You have a pair of horns on your head.
You reflexively headbutt those who attack you in melee.


Message History

The scorpion poisons you!
You barely miss the scorpion.
You feel very sick. The adder barely misses you.
The scorpion barely misses you. The adder barely misses you.
You barely miss the scorpion.
You feel sick. The scorpion stings you. The adder misses you.
You slash the adder! Your headbutt misses the adder.
The adder is severely wounded.
You feel sick.
The scorpion stings you but does no damage.
The adder bites you but does no damage. The jelly hits you but does no damage.
The scorpion barely misses you. The adder bites you but does no damage.
You completely miss the adder.
The adder is severely wounded.
You feel sick. The jelly barely misses you. The adder closely misses you.
The scorpion barely misses you. The jelly completely misses you.
The adder bites you but does no damage.
You barely miss the adder.
The adder is severely wounded.
You feel sick. The scorpion closely misses you. The adder barely misses you.
The jelly hits you.
You are splashed with acid!
The scorpion stings you but does no damage.
You completely miss the adder. Your headbutt misses the adder.
The adder is severely wounded.
You feel sick. The adder barely misses you. The scorpion stings you!
* * * LOW HITPOINT WARNING * * *
The jelly hits you.
* * * LOW HITPOINT WARNING * * *
You are splashed with acid!
* * * LOW HITPOINT WARNING * * *
The adder closely misses you.
You feel sick.
You are no longer poisoned.
The scorpion stings you but does no damage.
The scorpion stings you.
* * * LOW HITPOINT WARNING * * *
You are lethally poisoned!
The scorpion poisons you!
You die...

#....# #....#
#..<.#
#....####### #
####.#.....#.#.
#...........
#..Ss......#
####..J........
#....[.@......#
#..$.........##
#.......!....#
................
..........$...##
..............#
.............#
.............#


You could see a scorpion, a jelly and an adder.

Vanquished Creatures
  A scorpion (D:5)
  A centaur skeleton (D:4)
  A jelly (D:4)
  An orc priest (D:3)
  An iguana (D:4)
  An orc wizard (D:3)
  A hound skeleton (D:4)
  3 gnolls (D:4)
  A howler monkey skeleton (D:3)
  A white imp (D:4)
  6 worms
  2 dart slugs
  6 orcs (D:3)
  8 bats
  6 endoplasms
  2 giant cockroaches
  4 goblins
  6 hobgoblins
  2 quokkas
  6 ball pythons
  7 frilled lizards
  6 kobolds
  4 rats
77 creatures vanquished.

Notes
Turn   | Place    | Note
-------+----------+-------------------------------------------
     0 | D:1      | Ayyar the Minotaur Fighter began the quest for the Orb.
     0 | D:1      | Reached XP level 1. HP: 19/19 MP: 0/0
    31 | D:1      | Found a faded altar of an unknown god.
   146 | D:1      | Reached XP level 2. HP: 27/27 MP: 1/1
   821 | D:2      | Reached XP level 3. HP: 23/33 MP: 2/2
  1669 | D:2      | Found Codat's Armour Shop.
  2026 | D:3      | Reached XP level 4. HP: 41/41 MP: 3/3
  2373 | D:3      | Reached XP level 5. HP: 20/47 MP: 4/4
  3123 | D:4      | Reached skill level 5 in Fighting
  3123 | D:4      | Reached skill level 5 in Shields
  3270 | D:4      | Reached skill level 5 in Armour
  3286 | D:4      | Reached XP level 6. HP: 53/56 MP: 5/5
  3508 | D:5      | Entered Level 5 of the Dungeon
  3522 | D:5      | HP: 2/56 [scorpion (2)]
  3523 | D:5      | Succumbed to a scorpion's poison

Illustrated notes

Levels and vault maps discovered:
D:1:      tarquinn_simple_flora_water_c, layout_basic,
          hellmonk_ecumenical_altar_lost_god, minmay_misc_feat_x
D:2:      layout_basic, serial_shops, nicolae_shop_competitors_out_of_business,
          amcnicky_mini_corridor_feature, grunt_decor_resistance,
          nrook_loot_triangle, serial_park_tiny_1, minmay_liquid_box
D:3:      layout_rooms, kennysheep_orc_chapel
D:4:      layout_basic
D:5:      layout_rooms, temple_statues

Skill      XL: |  1  2  3  4  5 |
---------------+----------------+-----
Armour         | 4 5 |  5.2
Fighting       | 4 5 |  5.3
Shields        | 4 5 |  5.3
Long Blades    | 3 4 |  4.5

Action                   |  1- 3 |  4- 6 || total
-------------------------+-------+-------++-------
Melee: Long sword        |   125 |    76 ||   201
       Headbutt          |    14 |     6 ||    20
Armor: Scale mail        |    51 |    27 ||    78
Dodge: Dodged            |    65 |    43 ||   108
Block: Buckler           |    21 |    10 ||    31
